 Dungeon Crawl Stone Soup version 0.22.1-1-ga44c0e56f4 (webtiles) character file.

106 Ivernyr the Magician (level 4, -7/24 HPs)
             Began as a Deep Elf Wizard on Oct 19, 2018.
             Mangled by an ogre
             ... wielding a +0 giant club
              (22 damage)
             ... on level 4 of the Dungeon.
             The game lasted 00:07:40 (3100 turns).

Ivernyr the Magician (Deep Elf Wizard)              Turns: 3100, Time: 00:07:41

Health: -7/24      AC:  3    Str:  4    XL:     4   Next: 55%
Magic:  0/13       EV: 13    Int: 24    God:
Gold:   127        SH:  0    Dex: 13    Spells: 4/13 levels left

rFire    . . .     SeeInvis .   h - +0 spear
rCold    . . .     Gourm    .   (no shield)
rNeg     . . .     Faith    .   a - +0 robe
rPois    .         Spirit   .   o - +0 helmet
rElec    .         Reflect  .   (no cloak)
rCorr    .         Harm     .   (no gloves)
MR       .....                  (no boots)
Stlth    ++........             (no amulet)
HPRegen  0.08/turn              (no ring)
MPRegen  0.13/turn              (no ring)

@: no status effects
A: no striking features
a: no special abilities


You were on level 4 of the Dungeon.
You were not hungry.

You visited 1 branch of the dungeon, and saw 4 of its levels.

You collected 127 gold pieces.

Inventory:

Hand Weapons
 h - a +0 spear (weapon)
Armour
 a - a +0 robe (worn)
 o - a +0 helmet (worn)
Wands
 g - a wand of flame (73)
Scrolls
 b - a scroll of enchant weapon {unknown}
 c - 2 scrolls of teleportation {unknown}
 i - a scroll of fog {unknown}
 l - 3 scrolls of identify {unknown}
 m - a scroll of enchant armour {unknown}
Potions
 e - a potion of flight {unknown}
 f - a potion of magic {unknown}
 j - a potion of invisibility {unknown}
 k - a potion of curing {unknown}
 n - a potion of resistance {unknown}
 p - a potion of cancellation {unknown}
Comestibles
 d - 7 rations


   Skills:
 + Level 3.5 Dodging
 - Level 2.4 Stealth
 + Level 5.3 Spellcasting
 * Level 3.5 Conjurations
   Level 1.1 Summonings
 - Level 1.1 Translocations


You had 4 spell levels left.
You knew the following spells:

 Your Spells              Type           Power        Failure   Level  Hunger
a - Magic Dart            Conj           ###.         1%          1    None
b - Blink                 Tloc           N/A          9%          2    None
c - Conjure Flame         Conj/Fire      ##......     12%         3    ##.....
d - Mephitic Cloud        Conj/Pois/Air  ##......     16%         3    ##.....

Your spell library contained the following spells:

 Spells                   Type           Power        Failure   Level  Hunger
 Call Imp                 Summ           ##......     9%          2    None
 Slow                     Hex            #.......     13%         2    None


Dungeon Overview and Level Annotations

Branches:
Dungeon (4/15)
 Temple: D:4-7

Altars:
Ashenzari


Message History

The magic dart hits the iguana.
The iguana is moderately wounded.
Unknown command.
A leopard gecko comes into view.
Unknown command.
The iguana bites the ogre!
Found a ring mail.
There is a stone staircase leading up here.
Casting: Magic Dart (safe; 1% risk of failure)
Confirm with . or Enter, or press ? or * to list all spells.
Aiming: Mephitic Cloud (safe; 16% risk of failure)
Press: ? - help, Shift-Dir - straight line, f - ogre
Aim: an ogre, wielding a giant club (heavily wounded)
The ball explodes into a vile cloud!
The stinking cloud engulfs the ogre.
The ogre is heavily wounded.
Unknown command.
The ogre is engulfed in noxious fumes. x2
The ogre hits you with a giant club!!
Ouch! That really hurt!
You die...

###.#.(..# .##
#(...l#..## ....
....###.#...##
###..# l#
#O##...####....#
#.##.#.[...>#.###
#.##..###.......#
#..##...#.....#..
##....#l#..<.(#
#.[...§§O@...#
.....###.§.#...##
###### #.#.#...#
#.?.....#
....#...#
####.#...#
....... ###.[.##


You could see an ogre and a leopard gecko.

Vanquished Creatures
  3 adders (D:2)
  An adder skeleton (D:4)
  A worm (D:3)
  A dart slug (D:2)
  2 leopard geckos (D:2)
  5 orcs
  6 bats
  3 giant cockroaches
  8 goblins
  8 hobgoblins
  3 jackals (D:1)
  2 ball pythons (D:2)
  9 frilled lizards
  2 kobolds
  A quokka skeleton (D:4)
  7 rats
62 creatures vanquished.

Notes
Turn   | Place    | Note
-------+----------+-------------------------------------------
     0 | D:1      | Ivernyr the Deep Elf Wizard began the quest for the Orb.
     0 | D:1      | Reached XP level 1. HP: 10/10 MP: 7/7
   224 | D:1      | Reached XP level 2. HP: 15/15 MP: 4/9
   228 | D:1      | Learned a level 2 spell: Blink
  1464 | D:2      | Reached XP level 3. HP: 19/19 MP: 4/11
  1764 | D:2      | Reached skill level 5 in Spellcasting
  1947 | D:2      | Reached XP level 4. HP: 24/24 MP: 9/13
  2526 | D:3      | Found a shattered altar of Ashenzari.
  2910 | D:3      | Learned a level 3 spell: Conjure Flame
  2914 | D:3      | Learned a level 3 spell: Mephitic Cloud
  3080 | D:4      | Noticed an ogre
  3100 | D:4      | Mangled by an ogre

Skill      XL: |  1  2  3 |
---------------+----------+-----
Conjurations   | 2 3 |  3.5
Dodging        | 3 |  3.5
Spellcasting   | 5 |  5.3
Stealth        | |  2.4
Summonings     | |  1.1
Translocations | |  1.1

Action                   |  1- 3 |  4- 6 || total
-------------------------+-------+-------++-------
Melee: Unarmed           |     9 |       ||     9
 Cast: Magic Dart        |    85 |    66 ||   151
       Mephitic Cloud    |       |     2 ||     2
  Eat: Chunk             |     3 |     3 ||     6
Armor: Robe              |     2 |     1 ||     3
Dodge: Dodged            |    17 |     3 ||    20
